 Dungeon Crawl Stone Soup version 0.30-a0-778-g2ef04afb54 (webtiles) character file.

Game seed: 9817875437357561386

95 Farfigtubin the Sneak (level 4, 0/21 HPs)
             Began as a Spriggan Venom Mage on Feb 16, 2023.
             Succumbed to a kobold brigand's curare-tipped dart
             ... in a sewer.
             The game lasted 00:20:02 (2039 turns).

Farfigtubin the Sneak (Spriggan Venom Mage)         Turns: 2039, Time: 00:20:02

Health: 0/21       AC:  2    Str:  4    XL:     4   Next: 39%
Magic:  10/10      EV: 14    Int: 18    God:
Gold:   59         SH:  5    Dex: 15    Spells: 7/10 levels left

rFire   . . .      SeeInvis +    (weapon restricted)
rCold   . . .      Faith    .    (no shield)
rNeg    . . .      Spirit   .    a - +0 robe
rPois   .          Reflect  +    (helmet restricted)
rElec   .          Harm     .    (no cloak)
rCorr   .          Rampage  .    (gloves unavailable)
Will    .....                    (boots unavailable)
Stlth   +++                      g - amulet of reflection
HPRegen 0.23/turn                (no ring)
MPRegen 0.12/turn                (no ring)

@: lethally poisoned (0 -> -3), slowed, constricted, quick
A: very small, no large weapons, unfitting armour, see invisible, speed 3
a: no special abilities


You were in a sewer.
You visited 1 branch of the dungeon, and saw 3 of its levels.
You also visited: Sewer.

You collected 59 gold pieces.

Inventory:

Armour
 a - a +0 robe (worn)
Jewellery
 g - an amulet of reflection (around neck)
Scrolls
 d - 3 scrolls of identify {unknown}
 e - 3 scrolls of enchant armour {unknown}
 f - 3 scrolls of noise {unknown}
 i - a scroll of blinking {unknown}
 k - a scroll of poison {unknown}
 l - a scroll of butterflies {unknown}
 m - a scroll of fear {unknown}
Potions
 c - a potion of might {unknown}
 h - 2 potions of lignification {unknown}
 j - a potion of cancellation {unknown}
 n - 2 potions of haste {unknown}


   Skills:
 + Level 3.0 Dodging
 * Level 4.4 Stealth
 + Level 3.8 Spellcasting
 + Level 1.9 Transmutations
 + Level 0.3 Air Magic
 + Level 3.8 Poison Magic


You had 7 spell levels left.
You knew the following spells:

 Your Spells              Type           Power      Damage    Failure   Level
a - Sting                 Tmut/Pois      52%        1d5       4%          1
b - Poisonous Vapours     Pois/Air       20%        N/A       10%         2

Your spell library contained the following spells:

 Spells                   Type           Power      Damage    Failure   Level
 Cigotuvi's Dreadful Rot  Necr/Pois/Air  16%        N/A       13%         2
 Kiss of Death            Conj/Necr      12%        2d6       16%         1
 Mephitic Cloud           Conj/Pois/Air  8%         N/A       26%         3
 Olgreb's Toxic Radiance  Pois           17%        N/A       30%         4
 Confusing Touch          Hex            3%         N/A       41%         3
 Ozocubu's Armour         Ice            3%         N/A       41%         3
 Dispel Undead            Necr           3%         3d7       83%         4
 Ozocubu's Refrigeration  Ice            1%         4d7       100%        7


Dungeon Overview and Level Annotations

Branches:
Dungeon (3/15)              Sewer (1/1)

Altars:

Annotations:
D:2 Sigmund


Innate Abilities, Weirdness & Mutations

You are very small and have problems with some larger weapons.
You are too small for most types of armour.
You have supernaturally acute eyesight. (SInv)
You cover ground extremely quickly. (Speed+++)


Message History

Aim: a kobold brigand, wielding a +0 dagger and quivering curare-tipped darts (lightly wounded, very poisoned) Poisonous vapours surround the kobold brigand!
The kobold brigand looks even sicker.
Casting: Poisonous Vapours (safe; 10% risk of failure)
Confirm with . or Enter, or press ? or * to list all spells.
Aiming: Poisonous Vapours (safe; 10% risk of failure)
Press: ? - help, Dir - move target, f/p - kobold brigand
Aim: a kobold brigand, wielding a +0 dagger and quivering curare-tipped darts (lightly wounded, very poisoned) Poisonous vapours surround the kobold brigand!
The kobold brigand looks as sick as possible!
The ball python closely misses you. x2
You block the ball python's attack. The ball python grabs you.
The ball python constricts you.
You escape the ball python's grasp.
You enter the shallow water.
Moving in this stuff is going to be slow.
The kobold brigand throws a curare-tipped dart.
The curare-tipped dart hits you.
You are poisoned.
You have difficulty breathing.
You feel yourself slow down. The ball python barely misses you.
The ball python completely misses you.
You feel very sick.
The kobold brigand throws a curare-tipped dart.
The curare-tipped dart barely misses you.
The ball python bites you but does no damage.
The ball python grabs you. The ball python constricts you.
You escape the ball python's grasp.
You feel sick.
* * * LOW HITPOINT WARNING * * *
You feel sick. The ball python misses you. The ball python grabs you.
The ball python constricts you.
* * * LOW HITPOINT WARNING * * *
The ball python's grasp on you weakens, but your attempt to escape fails.
You feel sick. You block the ball python's attack.
The ball python constricts you.
* * * LOW HITPOINT WARNING * * *
The ball python bites you.
* * * LOW HITPOINT WARNING * * *
The ball python constricts you.
* * * LOW HITPOINT WARNING * * *
Magic courses through your body.
You die...

#####~~~~~####~~..##~.~.~.~~~##
#.~~~~##### ##~.~.~~~.~~~~...~
####### ##~~....~...~~~~~
#~~~~.~.....~~.~
#~~~~~..∩.∩.~~~.
#~~...~~....~~.~ ###
##~~..~.....~.~.. .~~~~#####
##..~.~....~~~~~~.
#~~†~~####@~~.##~..~~...~##
.~w~~###~.~.S.~.####.~~~.~~##
### #.~~~.~~.# #~~~~...#
.~~~~###.~~~~.~## #~~~~~~~~.#
#.~~~K####### ~~.~~~~~~~..
.~~~~##### ~~..#####.~~. ###
.~.## #~~


You could see a kobold brigand (very poisoned) and a ball python.

Vanquished Creatures
  A gnoll (D:3)
  4 adders
  2 worms
  A dart slug (D:1)
  6 ball pythons
  4 endoplasms
  4 giant cockroaches
  2 goblins (D:1)
  A hobgoblin (D:3)
  2 jackals (D:1)
  A quokka (D:3)
  3 bats
  A frilled lizard (D:1)
  6 kobolds
  8 rats
46 creatures vanquished.

Notes
Turn   | Place    | Note
-------+----------+-------------------------------------------
     0 | D:1      | Farfigtubin the Spriggan Venom Mage began the quest for the
                  | Orb.
     0 | D:1      | Reached XP level 1. HP: 9/9 MP: 5/5
   209 | D:1      | Reached XP level 2. HP: 11/13 MP: 1/6
   422 | D:1      | Got the Parchment of the Gift and Cryomancy
   426 | D:1      | Learned a level 2 spell: Poisonous Vapours
   912 | D:2      | Reached XP level 3. HP: 13/16 MP: 3/8
  1082 | D:2      | Noticed Sigmund
  1510 | D:3      | Found a glowing drain.
  1621 | D:3      | Reached skill level 4 in Stealth
  1621 | D:3      | Reached XP level 4. HP: 21/21 MP: 1/10
  1666 | Sewer    | Entered a sewer
  2026 | Sewer    | Noticed a kobold brigand
  2038 | Sewer    | HP: 1/21 [constriction (1)]
  2039 | Sewer    | Succumbed to a kobold brigand's curare-tipped dart

Illustrated notes

Levels and vault maps discovered:
D:1:      roderic_dead_forest, layout_rooms, minmay_misc_feat_diagonals,
          chequers_arboretum, minivault_26, minmay_misc_feat_iff,
          amcnicky_mini_pool_small
D:2:      layout_basic, uniq_sigmund
D:3:      layout_loops_ring, portal_sewer_entry_b, nrook_campfire,
          grunt_ministairs_5, st_stairs_8
Sewer:    sewer_co_tree

Skill      XL: |  1  2  3 |
---------------+----------+-----
Dodging        | 3 |  3.0
Spellcasting   | 3 |  3.8
Stealth        | 4 |  4.4
Transmutations | |  1.9
Air Magic      | |  0.3
Poison Magic   | |  3.8

Action                     |  1- 3 |  4- 6 || total
---------------------------+-------+-------++-------
  Melee: Unarmed           |     1 |       ||     1
   Cast: Sting             |    55 |     8 ||    63
         Poisonous Vapours |    21 |    12 ||    33
    Use: Potion            |       |     1 ||     1
 Armour: Robe              |     4 |     2 ||     6
  Dodge: Dodged            |    18 |     9 ||    27
  Block: Other             |     4 |     3 ||     7
         Reflection        |     2 |       ||     2

Table legend: (Time is in decaauts)
 A = Elapsed time spent in this place.
 B = Non-inter-level travel time spent in this place.
 C = Inter-level travel time spent in this place.
 D = Time resting spent in this place.
 E = Time spent auto-exploring this place.
 F = Levels seen in this place.
 G = Mean time per level.
                   A        B        C        D        E       F      G
               +--------+--------+--------+--------+--------+-----+--------+
         Total |   1589 |   1573 |     16 |    568 |      0 |   4 |  397.2 |
       Dungeon |   1251 |   1235 |     16 |    421 |      0 |   3 |  417.0 |
         Sewer |    338 |    338 |      0 |    147 |      0 |   1 |  338.0 |
               +--------+--------+--------+--------+--------+-----+--------+

Top non-repeatable levels by time:
     D:1: 700 daAuts
   Sewer: 338 daAuts
     D:3: 321 daAuts
     D:2: 229 daAuts
